 Dungeon Crawl Stone Soup version 0.27-a0-1065-ge809cff456 (webtiles) character file.

Game seed: 2883177081208469999

4 Ijustatesigmund the Skirmisher (level 1, 0/18 HPs)
             Began as a Demonspawn Fighter on Apr 22, 2021.
             Slain by a kobold
             ... wielding a +0 club
              (3 damage)
             ... on level 1 of the Dungeon.
             The game lasted 00:00:18 (152 turns).

Ijustatesigmund the Skirmisher (Demonspawn Fighter)  Turns: 152, Time: 00:00:18

Health: 0/18       AC:  6    Str: 16    XL:     1   Next: 58%
Magic:  1/1        EV:  6    Int:  9    God:
Gold:   1          SH:  8    Dex: 12    Spells: 0/0 levels left

rFire    . . .     SeeInvis .   a - +0 war axe
rCold    . . .     Faith    .   c - +0 kite shield
rNeg     . . .     Spirit   .   b - +0 scale mail
rPois    .         Reflect  .   (no helmet)
rElec    .         Harm     .   (no cloak)
rCorr    .         Rampage  .   (no gloves)
Will     .....                  (no boots)
Stlth    ..........             (no amulet)
HPRegen  0.06/turn              (no ring)
MPRegen  0.07/turn              (no ring)

@: no status effects
A: no striking features
a: no special abilities


You were on level 1 of the Dungeon.
You visited 1 branch of the dungeon, and saw 1 of its levels.

You collected 1 gold pieces.

Inventory:

Hand Weapons
 a - a +0 war axe (weapon)
Armour
 b - a +0 scale mail (worn)
 c - a +0 kite shield (worn)
Scrolls
 e - a scroll of teleportation {unknown}
Potions
 d - a potion of might
 f - a potion of heal wounds {unknown}


   Skills:
 + Level 3.0 Fighting
 * Level 2.0 Axes
 - Level 2.6 Armour
 + Level 0.2 Dodging
 - Level 2.6 Shields


You couldn't memorise any spells.
You didn't know any spells.
Your spell library was empty.

Dungeon Overview and Level Annotations

Branches:
Dungeon (1/15)

Altars:


Message History

The goblin hits you with a +0 club.
You hit the goblin.
You kill the goblin!
Your Axes skill increases to level 2!
No target in view!
No target in view!
No target in view!
Things that are here:
a +0 club; a goblin corpse
f - a blue potion You now have 1 gold piece.
A frilled lizard comes into view.
The frilled lizard hisses angrily.
A kobold comes into view. It is wielding a +0 club.
Found a stone staircase leading down.
The frilled lizard bites you.
Your scale mail prevents you from hitting the kobold.
You closely miss the frilled lizard. The kobold hits you but does no damage.
The frilled lizard barely misses you. The kobold barely misses you.
The frilled lizard bites you but does no damage.
You closely miss the kobold. You hit the frilled lizard.
You kill the frilled lizard!
The kobold hits you with a +0 club. You block the kobold's attack.
You closely miss the kobold. You block the kobold's attack.
You barely miss the kobold. The kobold hits you with a +0 club. x2
* * * LOW HITPOINT WARNING * * *
You are too injured to fight recklessly!
You are too injured to fight recklessly!
You are too injured to fight recklessly!
You are too injured to fight recklessly!
You are too injured to fight recklessly!
You are too injured to fight recklessly!
You barely miss the kobold. The kobold hits you with a +0 club.
* * * LOW HITPOINT WARNING * * *
The kobold hits you but does no damage.
You hit the kobold but do no damage. You block the kobold's attack.
You hit the kobold.
The kobold is heavily wounded.
The kobold hits you with a +0 club.
You die...

## # #. ###.##.
#......
#.....K#####
#......@..!#
#....>.###.#
#...... #.# #
######.###.##.#...
#............
##.###.##.....
##...##.# ....
##.......+ ...
#.....##.# ..


You could see a kobold.

Vanquished Creatures
  A ball python (D:1)
  A goblin (D:1)
  2 frilled lizards (D:1)
  A rat (D:1)
5 creatures vanquished.

Notes
Turn   | Place    | Note
-------+----------+-------------------------------------------
     0 | D:1      | Ijustatesigmund the Demonspawn Fighter began the quest for
                  | the Orb.
     0 | D:1      | Reached XP level 1. HP: 18/18 MP: 1/1
   152 | D:1      | Slain by a kobold

Illustrated notes

Levels and vault maps discovered:
D:1:      heliophobic_arrival_battle_scene, layout_loops_corners

Skill      XL: |  1 |
---------------+----+-----
Axes           | 2 |  2.0
Fighting       | |  3.0
Armour         | |  2.6
Dodging        | |  0.2
Shields        | |  2.6

Action                   || total
-------------------------++-------
Melee: War axe           ||    19
Armor: Scale mail        ||     8
Dodge: Dodged            ||     7
Block: Kite shield       ||     8

Table legend: (Time is in decaauts)
 A = Elapsed time spent in this place.
 B = Non-inter-level travel time spent in this place.
 C = Inter-level travel time spent in this place.
 D = Time resting spent in this place.
 E = Time spent auto-exploring this place.
 F = Levels seen in this place.
 G = Mean time per level.
                   A        B        C        D        E       F      G
               +--------+--------+--------+--------+--------+-----+--------+
         Total |    163 |    163 |      0 |      0 |    114 |   1 |  163.0 |
       Dungeon |    163 |    163 |      0 |      0 |    114 |   1 |  163.0 |
               +--------+--------+--------+--------+--------+-----+--------+

Top non-repeatable levels by time:
     D:1: 163 daAuts
